 Dungeon Sprint DCSS version 0.17-a0-1650-gce8475a (webtiles) character file.

101768 Kidiri the Imperceptible (level 15, -3/63 HPs)
             Began as a Spriggan Enchanter on Aug 13, 2015.
             Was the Champion of Dithmenos.
             Slain by an Executioner (5 damage)
             ... in the Dungeon (Sprint III: "The Ten Rune Challenge").
             The game lasted 00:46:48 (8821 turns).

Kidiri the Imperceptible (Spriggan Enchanter)       Turns: 8821, Time: 00:46:50

Health: -3/63      AC:  7    Str:  4    XL:     15   Next: 4%
Magic:  54/59      EV: 37    Int: 26    God:    Dithmenos [******]
Gold:   350        SH:  0    Dex: 18    Spells: 14 memorised, 3 levels left

rFire  + . .     SeeInvis +     t - +5 pair of quick blades "Gyre" and "Gimble" {pierce, Dex-3}
rCold  + . .     Clarity  .     z - +2 robe {rPois}
rNeg   . . .     SustAt   .     (shield restricted)
rPois  +         Gourm    .     e - +3 hat of Pondering {ponderous, MR+ MP+10 Int+5}
rElec  .         Spirit   .     (no cloak)
rCorr  .         Warding  .     (gloves unavailable)
rMut   .         Stasis   +     (boots unavailable)
MR     +++..                    B - amulet of stasis
Stlth  ++++++++++               C - ring of Summer {rC+ MP+9}
                                w - +1 ring of protection

@: wreathed by umbra, very quick, extremely resistant to hostile enchantments,
uncannily stealthy
A: unfitting armour, horns 1, see invisible, blink 1, clever 1, deformed body,
fire resistance 1, herbivore 3, speed 3, slow metabolism 2
a: Blink, Shadow Step, Shadow Form, Renounce Religion
}: 2/10 runes: serpentine, barnacled


You were in the Dungeon.
You worshipped Dithmenos.
Dithmenos was exalted by your worship.
You were completely stuffed.

You visited 1 branch You collected 2862 gold pieces.
You spent 2512 gold pieces at shops.

Inventory:

Hand weapons
 j - the +10 dagger "Icsih" {pain, +Blink rC+ Int+4 Dex-4}
   (You bought it in a shop in the Dungeon)

   In the hands of one skilled in necromantic magic, it inflicts extra damage on
   living creatures.
   It affects your intelligence (+4).
   It affects your dexterity (-4).
   It protects you from cold.
   It lets you blink.
 t - the +5 pair of quick blades "Gyre" and "Gimble" (weapon) {pierce, Dex-3}
   (You found it in the Dungeon)

   It inflicts extra damage upon your enemies.
   It affects your dexterity (-3).
Missiles
 k - 12 throwing nets (quivered)
Armour
 e - the +3 hat of Pondering (worn) {ponderous, MR+ MP+10 Int+5}
   (You took it off Gastronok in the Dungeon)

   It affects your intelligence (+5).
   It affects your resistance to hostile enchantments.
   It affects your magic capacity (+10).
 z - a +2 robe of poison resistance (worn)
Jewellery
 w - a +1 ring of protection (left hand)
 B - an amulet of stasis (around neck)
 C - the ring of Summer (right hand) {rC+ MP+9}
   (You found it in the Dungeon)

   [ring of magical power]

   It protects you from cold.
   It affects your magic capacity (+9).
Magical devices
 u - a wand of teleportation (1)
 D - a wand of hasting (4)
Scrolls
 l - a scroll of holy word
 n - 3 scrolls of remove curse
 q - 3 scrolls of torment
 x - a scroll of amnesia {unknown}
Potions
 a - a potion of invisibility
 f - 2 potions of curing
 g - a potion of haste
 h - 2 potions of magic
 i - 3 potions of berserk rage
 m - a potion of might
 o - 4 potions of cure mutation
 p - 4 potions of flight
Comestibles
 c - 20 royal jellies
 d - 2 bread rations
 r - 9 fruits


   Skills:
 + Level 14.0 Short Blades
 * Level 23.2 Dodging
 * Level 24.9 Stealth
 * Level 20.1 Spellcasting
 + Level 9.8 Conjurations
 + Level 15.3 Hexes
 + Level 16.3 Charms
 + Level 10.0 Summonings
 + Level 9.5 Translocations
 + Level 8.6 Transmutations
 + Level 10.6 Ice Magic
 + Level 6.3 Earth Magic
 - Level 1.4 Invocations


You had 3 spell levels left.
You knew the following spells:

 Your Spells              Type           Power        Failure   Level  Hunger
a - Corona                Hex            #######      0%          1    None
b - Ensorcelled Hibernat  Hex/Ice        ######       0%          2    None
c - Confuse               Hex            #######.     0%          3    None
d - Tukima's Dance        Hex            #######.     0%          3    None
e - Dazzling Spray        Conj/Hex       ######..     1%          3    None
f - Ozocubu's Armour      Chrm/Ice       #######.     1%          3    None
g - Condensation Shield   Ice            ######....   1%          4    None
h - Throw Icicle          Conj/Ice       ######..     1%          4    None
i - Summon Ice Beast      Ice/Summ       ######..     1%          4    None
j - Passwall              Trmt/Erth      ######....   1%          3    None
k - Passage of Golubria   Tloc           N/A          1%          4    None
l - Lee's Rapid Deconstr  Erth           ######....   4%          5    None
m - Darkness              Hex            #######...   1%          6    ##.....
n - Invisibility          Hex            #######.     1%          6    ##.....


Dungeon Overview and Level Annotations

Branches:
Dungeon (1/1)

Altars:
Cheibriados
Dithmenos
Elyvilon
Fedhas
Gozag
Kikubaaqudgha
Makhleb
Nemelex Xobeh
Okawaru
Qazlal
Ru
Sif Muna
Trog
Vehumet
Xom
Yredelemnul
Zin
The Shining One
Jiyva
Lugonu

Shops:
D =(?((:!(([[::?*!=}%

Annotations:
D exclusions: obsidian statue and 2 oklob plants, Boris, Mara, Mennas


Innate Abilities, Weirdness & Mutations

You are tiny and cannot use many weapons and most armour.
You have supernaturally acute eyesight.
You are a herbivore.
You cover ground extremely quickly.
You need consume almost no food.
You have a pair of small horns on your head.
You can translocate small distances at will.
Your mind is acute. (Int +2)
Armour fits poorly on your strangely shaped body.
Your flesh is heat resistant.


Message History

The Executioner seems to speed up.
The Executioner misses you. The Executioner completely misses you.
The Executioner hits you.
You emit a cloud of dark smoke.
The Executioner hits you but does no damage.
The Executioner hits you!
You emit a cloud of dark smoke.
The Executioner completely misses you.
There is an open door here.
Casting: Confuse
Confirm with . or Enter, or press ? or * to list all spells.
Aiming: Dazzling Spray
Press: ? - help, Shift-Dir - straight line, f - Executioner
Aim: an Executioner (black smoke, fast, umbra)
The spray of energy hits the Executioner.
Your shadow mimicks your spell!
The shadow shard hits the Executioner.
The Executioner hits you!
* * * LOW HITPOINT WARNING * * *
You emit a cloud of dark smoke.
The Executioner misses you. The Executioner barely misses you.
The Executioner misses you. The Executioner hits you.
You die...

###▓≈≈≈≈≈≈≈≈≈≈≈≈▓#########§#.....
..#▓≈≈≈......≈≈≈▓#.#.#.#.#..§....
..#▓≈≈..∩∩.∩..≈≈▓#..........§....
###▓▓▓▓▓▓▓▓▓▓▓▓▓▓#..(.......§....
******#####*##***###+############
,,**,≈....≈,#.,,*##...##,*≈≈≈≈≈≈*
*+**≈,.....≈#.,,##§....##+*,≈≈.≈*
,,**,,......#+###§§.....###..R.≈*
,,**,,.A....§§§1@§§.....+......,,
,,**,,......#§###§§.....#####..≈*
,,**≈,.....≈#§§≈##§....##...#*,≈*
****,≈....≈,#§#'###...###.#..#*+*
,*****#''***#.#.# ##+####.##.#*,,
,,**,,'.,,,,#+###*#.≈≈≈(#.#*.#***
******#****,*,,+∩∩#.≈≈.#..#*,.,,,
,,,*,,,* **,****∩∩#.≈≈.#######'**
,,,*,,,***,,,*##PP#..≈.#..'≈L...≈


You could see an Executioner.

Vanquished Creatures
  Frederick (D)
  A lich (D)
  Rupert (D)
  A deep elf blademaster (D)
  A kraken (D)
  Gastronok (D)
  Chuck (D)
  2 shadow dragons (D)
  Dowan (D)
  A greater naga (D)
  Maud (D)
  A deep elf annihilator (D)
  2 deep elf demonologists (D)
  2 dire elephants (D)
  A fire dragon (D)
  2 deep elf death magi (D)
  A yaktaur captain (D)
  2 hydras (D)
  Erolcha (D)
  A naga warrior (D)
  An alligator snapping turtle (D)
  An ogre mage (D)
  A centaur warrior (D)
  7 anacondas (D)
  4 death yaks (D)
  4 dancing weapons (D)
  A death drake (D)
  2 deep elf knights (D)
  3 skeletal warriors (D)
  A deep elf summoner (D)
  A spriggan druid (D)
  A lindwurm (D)
  A shadow wraith (D)
  A spectral iron dragon (D)
  An obsidian statue (D)
  2 giant orange brains (shapeshifter) (D)
  4 ugly things (D)
  A deep elf conjurer (D)
  4 crystal guardians (D)
  A manticore (shapeshifter) (D)
  2 iron troll simulacra (D)
  A hornet (D)
  6 black mambas (D)
  A moth of wrath (shapeshifter) (D)
  2 elephants (D)
  An elephant (shapeshifter) (D)
  4 statues (D)
  Duvessa (D)
  A komodo dragon (D)
  A guardian serpent (D)
  3 deep elf priests (D)
  4 anaconda simulacra (D)
  2 spiny frogs (D)
  A fire drake (D)
  3 wandering mushrooms (D)
  A merfolk (shapeshifter) (D)
  4 spriggan defenders (D)
  A queen bee (D)
  6 slime creatures (D)
  2 orc high priests (D)
  8 blink frogs (D)
  5 snapping turtles (D)
  4 redbacks (D)
  2 trapdoor spiders (D)
  2 spriggans (D)
  A shadow (D)
  2 nagas (D)
  2 hill giants (D)
  A spatial vortex (D)
  A hydra simulacrum (D)
  A swamp drake (D)
  4 water moccasins (D)
  6 orc warriors (D)
  A necrophage (D)
  A wasp (D)
  3 two-headed ogres (D)
  2 brain worms (D)
  A water elemental (D)
  A scorpion (D)
  32 killer bees (D)
  An electric eel (D)
  6 orc priests (D)
  A jelly (D)
  Jessica (D)
  An orc wizard (D)
  A wizard (D)
  A necromancer (D)
  3 humans (D)
  A kobold demonologist (D)
  5 adders (D)
  An ooze (D)
  7 orcs (D)
  2 rats (D)
225 creatures vanquished.

Vanquished Creatures (others)
  2 draconian scorchers (D)
  4 ball lightnings (D)
  A molten gargoyle (D)
  3 yaktaurs (D)
  A wasp (D)
  An electric eel (D)
  5 ballistomycetes (D)
  A bush (D)
  4 giant spores (D)
  7 plants (D)
  9 tentacles (D)
  162 tentacle segments (D)
200 creatures vanquished.

Grand Total: 425 creatures vanquished

Notes
Turn   | Place    | Note
--------------------------------------------------------------
     0 | D        | Kidiri the Spriggan Enchanter began the quest for the Orb.
     0 | D        | Reached XP level 1. HP: 9/9 MP: 5/5
    12 | D        | Reached skill level 5 in Stealth
    44 | D        | Killed a yaktaur
    86 | D        | Noticed Jessica
    92 | D        | Killed Jessica
    92 | D        | Reached skill level 5 in Dodging
    92 | D        | Reached skill level 6 in Stealth
    92 | D        | Reached XP level 2. HP: 13/13 MP: 5/8
    92 | D        | Reached XP level 3. HP: 16/16 MP: 6/10
    96 | D        | Learned a level 2 spell: Ensorcelled Hibernation
   100 | D        | Learned a level 3 spell: Confuse
   104 | D        | Learned a level 3 spell: Tukima's Dance
   185 | D        | Killed a white draconian scorcher
   185 | D        | Killed a white draconian scorcher
   253 | D        | Noticed a scorpion
   256 | D        | Killed a scorpion
   256 | D        | Reached skill level 7 in Stealth
   256 | D        | Reached skill level 5 in Spellcasting
   256 | D        | Reached XP level 4. HP: 21/21 MP: 10/12
   261 | D        | Reached skill level 8 in Stealth
   261 | D        | Reached skill level 5 in Hexes
   266 | D        | Learned a level 3 spell: Dazzling Spray
   276 | D        | Killed a yaktaur
   285 | D        | Gained mutation: Your flesh is heat resistant. [potion of mutation]
   285 | D        | Gained mutation: You have a pair of small horns on your head. [potion of mutation]
   285 | D        | Gained mutation: Your mind is acute. (Int +2) [potion of mutation]
   286 | D        | Gained mutation: Armour fits poorly on your strangely shaped body. [potion of mutation]
   413 | D        | Noticed a water elemental
   415 | D        | Killed a water elemental
   415 | D        | Reached skill level 9 in Stealth
   415 | D        | Reached skill level 1 in Ice Magic
   415 | D        | Reached XP level 5. HP: 24/24 MP: 13/15
   425 | D        | Noticed a jelly
   426 | D        | Noticed a shadow
   428 | D        | Killed a shadow
   428 | D        | Reached skill level 10 in Stealth
   428 | D        | Reached skill level 1 in Conjurations
   428 | D        | Reached XP level 6. HP: 28/28 MP: 14/17
   435 | D        | Killed a jelly
   546 | D        | Found a stormy altar of Qazlal.
   547 | D        | Found a sacrificial altar of Ru.
   547 | D        | Found a burning altar of Makhleb.
   547 | D        | Found a viscous altar of Jiyva.
   547 | D        | Found a shimmering altar of Xom.
   547 | D        | Found a shadowy altar of Dithmenos.
   547 | D        | Found a sparkling altar of Nemelex Xobeh.
   547 | D        | Found a corrupted altar of Lugonu.
   547 | D        | Found an opulent altar of Gozag.
   547 | D        | Noticed a spatial vortex
   551 | D        | Became a worshipper of Dithmenos the Shadowed
   562 | D        | Killed a spatial vortex
   562 | D        | Reached skill level 5 in Short Blades
   562 | D        | Reached skill level 10 in Dodging
   562 | D        | Reached skill level 11 in Stealth
   562 | D        | Reached skill level 1 in Invocations
   734 | D        | Found a radiant altar of Vehumet.
   735 | D        | Found a deep blue altar of Sif Muna.
   735 | D        | Found an ancient bone altar of Kikubaaqudgha.
   735 | D        | Noticed a wizard
   736 | D        | Killed a wizard
   749 | D        | Learned a level 3 spell: Ozocubu's Armour
   754 | D        | Learned a level 4 spell: Condensation Shield
   832 | D        | Found a glowing silver altar of Zin.
   833 | D        | Found a glowing golden altar of the Shining One.
   833 | D        | Found a white marble altar of Elyvilon.
   833 | D        | Noticed a deep elf priest
   835 | D        | Killed a deep elf priest
   835 | D        | Reached skill level 12 in Stealth
   835 | D        | Reached XP level 7. HP: 32/32 MP: 18/20
   847 | D        | Found an iron altar of Okawaru.
   848 | D        | Found a bloodstained altar of Trog.
   848 | D        | Noticed a human
   848 | D        | Noticed a human
   850 | D        | Killed a human
   851 | D        | Killed a human
   866 | D        | Found a snail-covered altar of Cheibriados.
   866 | D        | Noticed a necrophage
   867 | D        | Found a basalt altar of Yredelemnul.
   867 | D        | Found a blossoming altar of Fedhas.
   867 | D        | Noticed a necromancer
   868 | D        | Killed a necrophage
   868 | D        | Acquired Dithmenos's first power
   868 | D        | Reached skill level 10 in Spellcasting
   868 | D        | Reached XP level 8. HP: 36/36 MP: 23/23
   869 | D        | Killed a necromancer
   869 | D        | Reached skill level 13 in Stealth
   889 | D        | Noticed a two-headed ogre
   889 | D        | Noticed a two-headed ogre
   893 | D        | Killed a two-headed ogre
   895 | D        | Killed a two-headed ogre
   899 | D        | Noticed a two-headed ogre
   900 | D        | Killed a two-headed ogre
   900 | D        | Acquired Dithmenos's second power
   906 | D        | Learned a level 4 spell: Throw Icicle
   911 | D        | Learned a level 4 spell: Summon Ice Beast
   917 | D        | Noticed a hill giant
   920 | D        | Killed a hill giant
   926 | D        | Noticed a hill giant
   926 | D        | Noticed Erolcha
   938 | D        | Killed Erolcha
   938 | D        | Reached skill level 14 in Stealth
   938 | D        | Reached skill level 1 in Summonings
   938 | D        | Reached XP level 9. HP: 39/39 MP: 14/25
   940 | D        | Killed a hill giant
   941 | D        | Noticed a redback
  1008 | D        | Noticed a trapdoor spider
  1008 | D        | Noticed a trapdoor spider
  1010 | D        | Killed a trapdoor spider
  1012 | D        | Killed a trapdoor spider
  1012 | D        | Acquired Dithmenos's third power
  1023 | D        | Killed a redback
  1253 | D        | Noticed a killer bee
  1253 | D        | Noticed a killer bee
  1253 | D        | Noticed a killer bee
  1253 | D        | Noticed a killer bee
  1253 | D        | Noticed a queen bee
  1253 | D        | Noticed a killer bee
  1253 | D        | Noticed a killer bee
  1253 | D        | Noticed a killer bee
  1253 | D        | Noticed a killer bee
  1253 | D        | Noticed a killer bee
  1253 | D        | Noticed a killer bee
  1253 | D        | Noticed a killer bee
  1253 | D        | Noticed a killer bee
  1253 | D        | Noticed a killer bee
  1253 | D        | Noticed a killer bee
  1254 | D        | Noticed a killer bee
  1254 | D        | Noticed a killer bee
  1254 | D        | Noticed a killer bee
  1254 | D        | Noticed a killer bee
  1254 | D        | Noticed a killer bee
  1254 | D        | Noticed a killer bee
  1254 | D        | Noticed a killer bee
  1254 | D        | Noticed a killer bee
  1254 | D        | Noticed a killer bee
  1254 | D        | Noticed a killer bee
  1254 | D        | Noticed a killer bee
  1254 | D        | Noticed a killer bee
  1254 | D        | Noticed a killer bee
  1254 | D        | Noticed a killer bee
  1254 | D        | Noticed a killer bee
  1254 | D        | Noticed a killer bee
  1254 | D        | Noticed a killer bee
  1254 | D        | Noticed a killer bee
  1255 | D        | Killed a killer bee
  1259 | D        | Killed a killer bee
  1259 | D        | Reached skill level 5 in Ice Magic
  1261 | D        | Killed a killer bee
  1263 | D        | Killed a killer bee
  1265 | D        | Killed a killer bee
  1272 | D        | Killed a killer bee
  1272 | D        | Acquired Dithmenos's fourth power
  1272 | D        | Reached skill level 15 in Stealth
  1274 | D        | Killed a killer bee
  1553 | D        | Killed a killer bee
  1558 | D        | Killed a killer bee
  1560 | D        | Killed a killer bee
  1562 | D        | Killed a killer bee
  1564 | D        | Killed a killer bee
  1566 | D        | Killed a killer bee
  1568 | D        | Killed a killer bee
  1570 | D        | Killed a killer bee
  1573 | D        | Killed a killer bee
  1791 | D        | Killed a killer bee
  1793 | D        | Killed a killer bee
  1795 | D        | Killed a killer bee
  1799 | D        | Killed a killer bee
  1801 | D        | Killed a killer bee
  1803 | D        | Killed a killer bee
  1807 | D        | Killed a killer bee
  1815 | D        | Killed a killer bee
  1815 | D        | Reached skill level 5 in Conjurations
  1817 | D        | Killed a killer bee
  1820 | D        | Killed a queen bee
  1820 | D        | Reached XP level 10. HP: 29/44 MP: 4/27
  1833 | D        | Killed a killer bee
  1851 | D        | Killed a killer bee
  1856 | D        | Killed a killer bee
  1865 | D        | Killed a killer bee
  2009 | D        | Killed a killer bee
  2020 | D        | Killed a killer bee
  2042 | D        | Killed a killer bee
  2103 | D        | Noticed a wandering mushroom
  2120 | D        | Noticed a wandering mushroom
  2120 | D        | Noticed a wandering mushroom
  2122 | D        | Killed a wandering mushroom
  2124 | D        | Killed a wandering mushroom
  2125 | D        | Killed a wandering mushroom
  2125 | D        | Reached skill level 16 in Stealth
  2131 | D        | Noticed a spiny frog
  2131 | D        | Noticed a komodo dragon
  2131 | D        | Noticed a spiny frog
  2134 | D        | Killed a spiny frog
  2138 | D        | Killed a spiny frog
  2140 | D        | Killed a komodo dragon
  2140 | D        | Reached skill level 15 in Dodging
  2140 | D        | Reached skill level 10 in Hexes
  2219 | D        | Noticed a redback
  2225 | D        | Killed a redback
  2440 | D        | Noticed a brain worm
  2442 | D        | Killed a brain worm
  2447 | D        | Noticed a brain worm
  2449 | D        | Killed a brain worm
  2466 | D        | Noticed a lindwurm
  2468 | D        | Noticed a redback
  2469 | D        | Killed a lindwurm
  2471 | D        | Killed a redback
  2476 | D        | Noticed a redback
  2477 | D        | Killed a redback
  2478 | D        | Noticed Maud
  2480 | D        | Killed Maud
  2480 | D        | Reached skill level 17 in Stealth
  2480 | D        | Reached XP level 11. HP: 47/47 MP: 29/29
  2584 | D        | Noticed an electric eel
  2585 | D        | Noticed a six-headed hydra
  2585 | D        | Noticed a five-headed hydra
  2587 | D        | Killed an electric eel
  2589 | D        | Killed a six-headed hydra
  2589 | D        | Reached skill level 5 in Summonings
  2590 | D        | Killed a five-headed hydra
  2633 | D        | Noticed a death drake
  2636 | D        | Killed a death drake
  2636 | D        | Reached skill level 10 in Charms
  2643 | D        | Found a blossoming altar of Fedhas.
  2643 | D        | Noticed a spriggan
  2643 | D        | Noticed a spriggan druid
  2643 | D        | Noticed a spriggan
  2645 | D        | Killed a spriggan druid
  2646 | D        | Killed a spriggan
  2647 | D        | Killed a spriggan
  2647 | D        | Reached skill level 18 in Stealth
  2708 | D        | Noticed a swamp drake
  2708 | D        | Noticed a fire drake
  2709 | D        | Killed a fire drake
  2711 | D        | Killed a swamp drake
  2718 | D        | Noticed a blink frog
  2718 | D        | Noticed a blink frog
  2718 | D        | Noticed a blink frog
  2718 | D        | Noticed a blink frog
  2721 | D        | Noticed a blink frog
  2727 | D        | Killed a blink frog
  2947 | D        | Killed a blink frog
  2953 | D        | Killed a blink frog
  2956 | D        | Killed a blink frog
  2959 | D        | Killed a blink frog
  3054 | D        | Noticed Rupert
  3056 | D        | Killed Rupert
  3056 | D        | Reached skill level 10 in Short Blades
  3056 | D        | Reached skill level 15 in Spellcasting
  3086 | D        | Noticed a death yak
  3087 | D        | Noticed a death yak
  3087 | D        | Noticed a blink frog
  3088 | D        | Killed a death yak
  3089 | D        | Noticed an azure jelly
  3089 | D        | Noticed a death yak
  3089 | D        | Noticed an azure jelly
  3089 | D        | Noticed a blink frog
  3089 | D        | Noticed a death yak
  3090 | D        | Killed a death yak
  3090 | D        | Reached skill level 19 in Stealth
  3090 | D        | Reached XP level 12. HP: 51/51 MP: 27/32
  3091 | D        | Killed a blink frog
  3092 | D        | Noticed a blink frog
  3092 | D        | Noticed a black mamba
  3093 | D        | Killed a death yak
  3094 | D        | Noticed a black mamba
  3095 | D        | Killed a blink frog
  3096 | D        | Killed a blink frog
  3097 | D        | Killed a death yak
  3102 | D        | Killed a black mamba
  3104 | D        | Killed a black mamba
  3139 | D        | Noticed an anaconda
  3139 | D        | Noticed an anaconda
  3139 | D        | Noticed a black mamba
  3139 | D        | Noticed a water moccasin
  3140 | D        | Noticed a black mamba
  3140 | D        | Noticed a black mamba
  3150 | D        | Killed an anaconda
  3155 | D        | Killed an anaconda
  3161 | D        | Killed a black mamba
  3164 | D        | Killed a black mamba
  3166 | D        | Killed a black mamba
  3168 | D        | Killed a water moccasin
  3174 | D        | Noticed an azure jelly
  3174 | D        | Noticed an azure jelly
  3276 | D        | Noticed an anaconda
  3276 | D        | Noticed an anaconda
  3276 | D        | Noticed an anaconda
  3276 | D        | Noticed an anaconda
  3276 | D        | Noticed an anaconda
  3276 | D        | Noticed a water moccasin
  3277 | D        | Killed an anaconda
  3277 | D        | Reached skill level 20 in Stealth
  3280 | D        | Noticed a water moccasin
  3282 | D        | Killed an anaconda
  3286 | D        | Killed a water moccasin
  3288 | D        | Killed an anaconda
  3291 | D        | Killed an anaconda
  3292 | D        | Killed an anaconda
  3294 | D        | Killed a water moccasin
  3363 | D        | Noticed a water moccasin
  3363 | D        | Noticed a black mamba
  3365 | D        | Killed a water moccasin
  3368 | D        | Killed a black mamba
  3392 | D        | Noticed a naga
  3392 | D        | Noticed a naga
  3393 | D        | Noticed a naga warrior
  3393 | D        | Noticed a greater naga
  3393 | D        | Found Lyutt's Jewellery Boutique.
  3393 | D        | Found Tuorigis's Antique Weapon Emporium.
  3394 | D        | Killed a naga
  3395 | D        | Killed a naga
  3396 | D        | Found Lejizxikk's Magic Scroll Shop.
  3403 | D        | Killed a naga warrior
  3411 | D        | Killed a greater naga
  3534 | D        | Noticed a guardian serpent
  3536 | D        | Killed a guardian serpent
  3538 | D        | Got a serpentine rune of Zot
  3615 | D        | Noticed an elephant
  3615 | D        | Noticed an elephant
  3615 | D        | Noticed a dire elephant
  3615 | D        | Noticed a dire elephant
  3615 | D        | Noticed Gastronok
  3617 | D        | Killed Gastronok
  3617 | D        | Reached skill level 21 in Stealth
  3617 | D        | Reached XP level 13. HP: 55/55 MP: 34/34
  3618 | D        | Killed a dire elephant
  3620 | D        | Killed a dire elephant
  3623 | D        | Killed an elephant
  3627 | D        | Killed an elephant
  3713 | D        | Noticed a snapping turtle
  3713 | D        | Noticed a kraken
  3715 | D        | Noticed a snapping turtle
  3715 | D        | Noticed a snapping turtle
  3715 | D        | Noticed a snapping turtle
  3715 | D        | Noticed a snapping turtle
  3715 | D        | Noticed an alligator snapping turtle
  3715 | D        | Found Evug's Antique Weapon Emporium.
  3715 | D        | Found Ryetizay's Book Shop.
  3715 | D        | Found Pibileresi's Distillery.
  3851 | D        | Killed a snapping turtle
  3920 | D        | Killed a snapping turtle
  3949 | D        | Killed a snapping turtle
  4003 | D        | Killed a snapping turtle
  4029 | D        | Killed an alligator snapping turtle
  4156 | D        | Killed a kraken
  4232 | D        | Killed a snapping turtle
  4237 | D        | Got a barnacled rune of Zot
  4337 | D        | Noticed an orc priest
  4337 | D        | Noticed an orc warrior
  4338 | D        | Noticed an orc priest
  4338 | D        | Noticed an orc warrior
  4338 | D        | Noticed an orc warrior
  4338 | D        | Noticed an orc warrior
  4338 | D        | Noticed an orc priest
  4338 | D        | Noticed an orc priest
  4338 | D        | Noticed an orc wizard
  4338 | D        | Noticed an orc warrior
  4338 | D        | Noticed an orc warrior
  4339 | D        | Found Eprupn's Weapon Shop.
  4346 | D        | Killed an orc priest
  4354 | D        | Killed an orc warrior
  4358 | D        | Killed an orc warrior
  4364 | D        | Killed an orc warrior
  4367 | D        | Killed an orc warrior
  4370 | D        | Killed an orc priest
  4376 | D        | Killed an orc priest
  4378 | D        | Killed an orc wizard
  4382 | D        | Killed an orc warrior
  4479 | D        | Killed an orc priest
  4571 | D        | Killed an orc warrior
  4643 | D        | Bought the +10 dagger "Icsih" {pain, +Blink rC+ Int+4 Dex-4} for 836 gold pieces
  4654 | D        | Noticed a deep elf knight
  4654 | D        | Noticed a deep elf summoner
  4654 | D        | Noticed a deep elf priest
  4654 | D        | Noticed a deep elf priest
  4654 | D        | Noticed a deep elf knight
  4659 | D        | Killed a deep elf priest
  4688 | D        | Killed a deep elf summoner
  4691 | D        | Killed a deep elf knight
  4766 | D        | Killed a deep elf knight
  4766 | D        | Reached skill level 22 in Stealth
  4777 | D        | Killed a deep elf priest
  4890 | D        | Noticed a deep elf conjurer
  4895 | D        | Noticed a deep elf demonologist
  5069 | D        | Bought a scroll of enchant armour for 90 gold pieces
  5069 | D        | Bought a scroll of identify for 24 gold pieces
  5071 | D        | Bought a scroll of magic mapping for 42 gold pieces
  5195 | D        | Bought a potion of invisibility for 112 gold pieces
  5195 | D        | Bought a potion of curing for 42 gold pieces
  5195 | D        | Bought a potion of curing for 42 gold pieces
  5195 | D        | Bought a potion of beneficial mutation for 490 gold pieces
  5195 | D        | Bought a potion of curing for 42 gold pieces
  5195 | D        | Bought a potion of curing for 42 gold pieces
  5195 | D        | Gained mutation: You can translocate small distances at will. [potion of beneficial mutation]
  5198 | D        | Bought a book of Burglary for 750 gold pieces
  5202 | D        | Learned a level 3 spell: Passwall
  5207 | D        | Learned a level 4 spell: Passage of Golubria
  5213 | D        | Learned a level 5 spell: Lee's Rapid Deconstruction
  5220 | D        | Learned a level 6 spell: Darkness
  5339 | D        | Killed a yaktaur
  5456 | D        | Noticed Dowan
  5456 | D        | Noticed Duvessa
  5458 | D        | Killed Dowan
  5458 | D        | Reached skill level 1 in Translocations
  5458 | D        | Reached skill level 1 in Transmutations
  5541 | D        | Killed Duvessa
  5541 | D        | Reached skill level 1 in Earth Magic
  5666 | D        | Noticed an orc high priest
  5666 | D        | Noticed an orc priest
  5667 | D        | Noticed an orc priest
  5667 | D        | Noticed an orc high priest
  5668 | D        | Killed an orc high priest
  5669 | D        | Killed an orc priest
  5671 | D        | Killed an orc priest
  5672 | D        | Killed an orc high priest
  5708 | D        | Noticed a spriggan defender
  5708 | D        | Noticed a spriggan defender
  5708 | D        | Noticed a spriggan defender
  5708 | D        | Noticed a spriggan defender
  5729 | D        | Killed a spriggan defender
  5730 | D        | Killed a spriggan defender
  5732 | D        | Killed a spriggan defender
  5733 | D        | Killed a spriggan defender
  5854 | D        | Found Loesaen's Weapon Emporium.
  5854 | D        | Found Onoemon's Distillery.
  5854 | D        | Found Teta's Antique Weapon Shop.
  5854 | D        | Found Erebont's Jewellery Emporium.
  5854 | D        | Found Nighu's Book Boutique.
  5854 | D        | Found Doxivoyr's Magic Scroll Emporium.
  5854 | D        | Found Jyddiqul's Antique Armour Shoppe.
  5854 | D        | Found Kasack's Gadget Shop.
  5854 | D        | Found Teerojel's Book Emporium.
  5854 | D        | Found Cismess's General Store.
  5854 | D        | Found Guss's Antique Armour Boutique.
  5854 | D        | Found Gobin's Food Shoppe.
  5907 | D        | Noticed a skeletal warrior
  5909 | D        | Noticed a giant orange brain
  5909 | D        | Noticed a green ugly thing
  5912 | D        | Killed a giant orange brain
  5917 | D        | Killed a green ugly thing
  5924 | D        | Killed a skeletal warrior
  6021 | D        | Noticed a moth of wrath
  6023 | D        | Killed a moth of wrath
  6027 | D        | Noticed a slime creature
  6029 | D        | Killed a slime creature
  6033 | D        | Noticed a centaur warrior
  6035 | D        | Killed a centaur warrior
  6059 | D        | Noticed a fire dragon
  6060 | D        | Killed a fire dragon
  6077 | D        | Noticed a glaive of freezing
  6077 | D        | Noticed a war axe of chopping
  6078 | D        | Noticed a halberd of flaming
  6078 | D        | Noticed a halberd of venom
  6079 | D        | Killed a glaive of freezing
  6082 | D        | Killed a war axe of chopping
  6084 | D        | Killed a halberd of venom
  6087 | D        | Killed a halberd of flaming
  6094 | D        | Got a jewelled rapier
  6095 | D        | Identified the +0 rapier "Kiatoun" {distort, Dex+2} (You found it in the Dungeon)
  6207 | D        | Noticed a yaktaur captain
  6207 | D        | Noticed a slime creature
  6208 | D        | Noticed a manticore
  6208 | D        | Noticed a giant orange brain
  6209 | D        | Killed a slime creature
  6209 | D        | Reached XP level 14. HP: 59/59 MP: 37/37
  6211 | D        | Killed a giant orange brain
  6213 | D        | Killed a manticore
  6261 | D        | Killed a yaktaur captain
  6408 | D        | Noticed Chuck
  6722 | D        | Killed Chuck
  6722 | D        | Reached skill level 23 in Stealth
  6722 | D        | Reached skill level 5 in Translocations
  6787 | D        | Noticed an elephant
  6788 | D        | Noticed a merfolk
  6788 | D        | Noticed Frederick
  6789 | D        | Killed an elephant
  6791 | D        | Killed Frederick
  6791 | D        | Reached skill level 15 in Charms
  6791 | D        | Reached skill level 5 in Transmutations
  6791 | D        | Reached skill level 10 in Ice Magic
  6793 | D        | Killed a merfolk
  6816 | D        | Noticed a lich
  6816 | D        | Noticed a green ugly thing
  6818 | D        | Killed a lich
  6820 | D        | Killed a green ugly thing
  6828 | D        | Learned a level 6 spell: Invisibility
  6848 | D        | Noticed a brown ugly thing
  6849 | D        | Noticed a white ugly thing
  6849 | D        | Noticed an ogre mage
  6849 | D        | Noticed a shadow dragon
  6850 | D        | Killed a brown ugly thing
  6851 | D        | Noticed a shadow dragon
  6852 | D        | Killed a shadow dragon
  6853 | D        | Killed an ogre mage
  6855 | D        | Killed a shadow dragon
  6862 | D        | Killed a white ugly thing
  6911 | D        | Noticed an obsidian statue
  6911 | D        | Noticed a shining eye
  7077 | D        | Noticed a deep elf death mage
  7078 | D        | Noticed a deep elf demonologist
  7081 | D        | Killed a deep elf demonologist
  7126 | D        | Killed a deep elf death mage
  7126 | D        | Reached skill level 24 in Stealth
  7127 | D        | Killed a deep elf conjurer
  7127 | D        | Reached skill level 5 in Earth Magic
  7157 | D        | Noticed a deep elf blademaster
  7197 | D        | Noticed a deep elf annihilator
  7218 | D        | Killed a deep elf annihilator
  7221 | D        | Noticed a deep elf death mage
  7230 | D        | Killed a deep elf death mage
  7233 | D        | HP: 2/59 [blizzard demon/the air[a deep elf demonologist] (16)]
  7242 | D        | Killed a deep elf demonologist
  7277 | D        | Killed a deep elf blademaster
  7277 | D        | Reached skill level 15 in Hexes
  7313 | D        | Got a wavering platinum ring
  7322 | D        | Identified the Almanac of Freezing Conjuration
  7324 | D        | Identified the Collected Works on Mutagenic Stolen Souls
  7333 | D        | Identified the ring of Summer {rC+ MP+9} (You found it in the Dungeon)
  7615 | D        | Noticed an obsidian statue
  7629 | D        | Killed an obsidian statue
  7688 | D        | Noticed a crystal guardian
  7690 | D        | Noticed a crystal guardian
  7690 | D        | Noticed a water elementalist statue
  7690 | D        | Noticed an air elementalist statue
  7691 | D        | Killed a crystal guardian
  7692 | D        | Killed a crystal guardian
  7695 | D        | Noticed a crystal guardian
  7697 | D        | Killed a water elementalist statue
  7711 | D        | Noticed a shadow wraith
  7715 | D        | Noticed a fire elementalist statue
  7715 | D        | Noticed an earth elementalist statue
  7727 | D        | Killed a shadow wraith
  7743 | D        | Killed a crystal guardian
  7826 | D        | Noticed a skeletal warrior
  7826 | D        | Noticed a hornet
  7836 | D        | Noticed a six-headed hydra simulacrum
  7836 | D        | Killed a skeletal warrior
  7839 | D        | Noticed an anaconda simulacrum
  7840 | D        | Noticed an anaconda simulacrum
  7840 | D        | HP: 1/59 [six-headed hydra simulacrum (15)]
  7842 | D        | Killed a six-headed hydra simulacrum
  7853 | D        | Killed an anaconda simulacrum
  8031 | D        | Killed a molten gargoyle
  8164 | D        | Killed a fire elementalist statue
  8172 | D        | Killed a hornet
  8213 | D        | Killed a ball lightning
  8213 | D        | Killed a ball lightning
  8213 | D        | Killed a ball lightning
  8213 | D        | Killed a ball lightning
  8238 | D        | Killed an electric eel
  8238 | D        | Killed a wasp
  8292 | D        | Killed an earth elementalist statue
  8336 | D        | Noticed an anaconda simulacrum
  8349 | D        | Killed an air elementalist statue
  8368 | D        | Noticed Mara
  8371 | D        | Noticed a skeletal warrior
  8375 | D        | Killed an anaconda simulacrum
  8393 | D        | Noticed a slime creature
  8393 | D        | Noticed a slime creature
  8394 | D        | Noticed a slime creature
  8395 | D        | Killed a slime creature
  8395 | D        | Killed a slime creature
  8398 | D        | Killed a slime creature
  8402 | D        | Killed a skeletal warrior
  8403 | D        | Noticed a crystal guardian
  8404 | D        | Killed a crystal guardian
  8404 | D        | Reached XP level 15. HP: 63/63 MP: 17/40
  8413 | D        | Noticed an anaconda simulacrum
  8415 | D        | Killed an anaconda simulacrum
  8463 | D        | Noticed a wasp
  8465 | D        | Noticed Boris
  8466 | D        | Killed a wasp
  8466 | D        | Reached skill level 10 in Summonings
  8470 | D        | Noticed a slime creature
  8470 | D        | Noticed a slime creature
  8480 | D        | Noticed an electric eel
  8480 | D        | Noticed a storm dragon
  8490 | D        | Killed a large slime creature
  8505 | D        | Killed an anaconda simulacrum
  8579 | D        | Noticed an iron troll simulacrum
  8585 | D        | Killed an iron troll simulacrum
  8637 | D        | Noticed an oklob plant
  8637 | D        | Noticed an oklob plant
  8798 | D        | Noticed Mennas
  8798 | D        | Noticed an iron troll simulacrum
  8803 | D        | Noticed a spectral iron dragon
  8805 | D        | Killed a spectral iron dragon
  8809 | D        | Killed an iron troll simulacrum
  8817 | D        | Noticed an Executioner
  8821 | D        | HP: 2/63 [Executioner (17)]
  8821 | D        | Slain by an Executioner

Vault maps used:
D:        dungeon_sprint_mu

Action                   |  1- 3 |  4- 6 |  7- 9 | 10-12 | 13-15 || total
-------------------------+-------+-------+-------+-------+-------++-------
Melee: Dagger            |     9 |    14 |    55 |    77 |    64 ||   219
       Pair of quick bla |       |       |       |       |    46 ||    46
Throw: Throwing net      |       |       |       |       |     2 ||     2
 Cast: Ensorcelled Hiber |       |     3 |    45 |    29 |    45 ||   122
       Dazzling Spray    |       |     5 |     4 |    17 |    51 ||    77
       Confuse           |       |       |     1 |     1 |    26 ||    28
       Throw Icicle      |       |       |     2 |       |     4 ||     6
       Summon Ice Beast  |       |       |     1 |     1 |     1 ||     3
       Ozocubu's Armour  |       |       |       |     1 |       ||     1
       Condensation Shie |       |       |       |     1 |       ||     1
       Passwall          |       |       |       |       |    12 ||    12
       Lee's Rapid Decon |       |       |       |       |    33 ||    33
       Passage of Golubr |       |       |       |       |     5 ||     5
       Invisibility      |       |       |       |       |     2 ||     2
       Tukima's Dance    |       |       |       |       |     1 ||     1
       Darkness          |       |       |       |       |     1 ||     1
Invok: Shadow Step       |       |       |       |    12 |    24 ||    36
  Use: Scroll            |       |     3 |       |       |     5 ||     8
       Potion            |       |     2 |     1 |     1 |     4 ||     8
 Stab: Sleeping          |     4 |     7 |    36 |    61 |    59 ||   167
       Invisible         |       |       |     3 |     2 |     8 ||    13
       Confused          |       |       |       |       |     8 ||     8
       Held in net/web   |       |       |       |       |     1 ||     1
  Eat: Bread ration      |       |       |       |     1 |       ||     1
       Royal jelly       |       |       |       |       |     5 ||     5
